 Dungeon Crawl Stone Soup version 0.29.1-13-g9f3cf754e1 (webtiles) character file.

Game seed: 9614825913280616196

2429 KittyFluff the Basher (level 9, -3/82 HPs)
             Began as a Gargoyle Berserker on Jan 29, 2023.
             Was a Priest of Trog.
             Slain by a seven-headed hydra (7 damage)
             ... on level 7 of the Dungeon.
             The game lasted 00:31:50 (8279 turns).

KittyFluff the Basher (Gargoyle Berserker)          Turns: 8279, Time: 00:31:51

Health: -3/82      AC: 21    Str: 22    XL:     9   Next: 48%
Magic:  9/9        EV: 14    Int:  9    God:    Trog [***...]
Gold:   254        SH:  0    Dex: 17    Spells: 8/8 levels left

rFire   . . .      SeeInvis .   a - +2 mace (vorpal)
rCold   . . .      Faith    .   (no shield)
rNeg    + . .      Spirit   .   s - +0 leather armour
rPois   ∞          Reflect  .   m - +0 helmet
rElec   +          Harm     .   t - +2 cloak {rCorr}
rCorr   +          Rampage  .   H - +0 pair of gloves
Will    .....                   i - +0 pair of boots
Stlth   ..........              (no amulet)
HPRegen 0.23/turn               K - +4 ring of protection
MPRegen 0.11/turn               B - +6 ring of dexterity

@: berserking, very quick
A: sickness immunity, AC +6, negative energy resistance 1, electricity
resistance, torment resistance 1, petrification resistance
a: Renounce Religion, Berserk, Trog's Hand


You were on level 7 of the Dungeon.
You worshipped Trog.
Trog was most pleased with you.
You visited 1 branch of the dungeon, and saw 8 of its levels.

You collected 254 gold pieces.

Inventory:

Hand Weapons
 a - a +2 vorpal mace (weapon)
 k - a +0 shortbow
 p - a +3 quarterstaff
 u - a +0 morningstar
 N - a +0 arbalest
Missiles
 d - 2 atropa-tipped darts
 e - 49 stones (quivered)
 y - 5 poisoned darts
Armour
 i - a +0 pair of boots (worn)
 l - a +0 chain mail
 m - a +0 helmet (worn)
 s - a +0 leather armour (worn)
 t - a +2 cloak of preservation (worn)
 w - a +0 ring mail
 x - a +0 scale mail
 D - the +1 chain mail of Perfidy {Harm rN+ Str+7 Int-3}
   (You found it on level 6 of the Dungeon)

   Str:       It affects your strength (+7).
   Int:       It affects your intelligence (-3).
   rN:        It protects you from negative energy.
   Harm:      It increases damage dealt and taken.
 H - a +0 pair of gloves (worn)
Jewellery
 q - a ring of see invisible
 B - a +6 ring of dexterity (right hand)
 K - a +4 ring of protection (left hand)
Wands
 b - a wand of paralysis (15)
 O - a wand of roots (9)
Scrolls
 c - 2 scrolls of immolation {unknown}
 j - 3 scrolls of teleportation {unknown}
 o - a scroll of magic mapping
 r - 2 scrolls of fear {unknown}
 v - a scroll of silence
 F - a scroll of summoning
 I - 2 scrolls of blinking {unknown}
 J - 2 scrolls of fog {unknown}
 M - a scroll of enchant weapon {unknown}
Potions
 f - 2 potions of heal wounds
 g - 2 potions of curing
 h - 5 potions of mutation
 n - 3 potions of lignification
 z - a potion of might
 A - a potion of cancellation
 C - 2 potions of attraction {unknown}
 E - a potion of invisibility {unknown}
 G - 2 potions of haste {unknown}
 L - a potion of resistance {unknown}


   Skills:
 + Level 6.1 Fighting
 + Level 8.5 Maces & Flails
 * Level 6.3 Armour
 + Level 4.5 Dodging
 + Level 4.2 Stealth


You had 8 spell levels left.
You didn't know any spells.
Your spell library was empty.

Dungeon Overview and Level Annotations

Branches:
Dungeon (8/15)             Temple (0/1) D:6            Lair (0/5) D:8

Altars:
Cheibriados
Dithmenos
Gozag
Hepliaklqana
Okawaru
Wu Jian

Shops:
D:5 *


Innate Abilities, Weirdness & Mutations

You are immune to sickness and miasma.
Your stone body is resilient. (AC +6)
You are immune to poison.
You resist negative energy. (rN+)
You are resistant to electric shocks. (rElec)
You are resistant to unholy torment.
You are immune to petrification.


Message History

The seven-headed hydra closely misses you.
The seven-headed hydra bites you! The seven-headed hydra bites you.
The seven-headed hydra barely misses you.
The seven-headed hydra closely misses you.
You sock the seven-headed hydra!
The seven-headed hydra is lightly wounded.
You bludgeon the seven-headed hydra!!
The seven-headed hydra is heavily wounded.
The seven-headed hydra bites you but does no damage.
The seven-headed hydra barely misses you.
The seven-headed hydra closely misses you.
The seven-headed hydra bites you!
The seven-headed hydra bites you but does no damage. x2
The seven-headed hydra bites you.
You barely miss the seven-headed hydra.
The seven-headed hydra is heavily wounded.
The seven-headed hydra bites you but does no damage. x2
The seven-headed hydra closely misses you.
The seven-headed hydra bites you. The seven-headed hydra misses you. x2
The seven-headed hydra closely misses you.
You sock the seven-headed hydra!
The seven-headed hydra is severely wounded.
You sock the seven-headed hydra!
The seven-headed hydra is almost dead.
The seven-headed hydra barely misses you.
The seven-headed hydra bites you!
* * * LOW HITPOINT WARNING * * *
The seven-headed hydra barely misses you.
The seven-headed hydra closely misses you. x2
The seven-headed hydra bites you but does no damage.
The seven-headed hydra misses you.
You barely miss the seven-headed hydra.
The seven-headed hydra is almost dead.
The seven-headed hydra closely misses you.
The seven-headed hydra misses you. The seven-headed hydra bites you.
* * * LOW HITPOINT WARNING * * *
The seven-headed hydra bites you!
* * * LOW HITPOINT WARNING * * *
The seven-headed hydra bites you!
You die...

#######'### #)# #.......#
#......^..####'#########.#####.#
##..........#.......#..#### #.#
##........#.'............## #.#
##........#.#.........##..## #.#
###########.#........##....# #.#
# #.#........#._...# #.. #
#.#..D.....##....######
#.#...@.....##..##....#
#.#............######.#
#.#########..### #.# #.# ####
#.# #.# #.# #.# #.# #.# #.#
#.######### #.# #.........# #.#


You could see a seven-headed hydra.

Vanquished Creatures
  A komodo dragon (D:8)
  Sigmund (D:2)
  4 yaks (D:6)
  A water moccasin (D:6)
  An orc warrior (D:7)
  A black bear (D:5)
  A centaur (D:5)
  3 scorpions
  2 bullfrogs
  3 hounds
  A jelly (D:3)
  A gnoll bouda (D:5)
  2 orc priests
  Crazy Yiuf (D:2)
  Jessica (D:3)
  Terence (D:2)
  3 orc wizards
  5 iguanas
  Robin (D:2)
  5 gnolls (D:5)
  4 adders
  2 shadow imps (D:7)
  A white imp (D:7)
  An ufetubus (D:4)
  A worm (D:4)
  2 dart slugs
  30 orcs
  6 ball pythons
  7 bats
  4 endoplasms
  7 giant cockroaches
  19 goblins
  5 hobgoblins
  6 jackals (D:2)
  4 quokkas
  3 frilled lizards
  8 kobolds
  6 rats
155 creatures vanquished.

Vanquished Creatures (others)
  3 fungi (D:1)
  6 plants
9 creatures vanquished.

Grand Total: 164 creatures vanquished

Notes
Turn   | Place    | Note
-------+----------+-------------------------------------------
     0 | D:1      | KittyFluff the Gargoyle Berserker began the quest for the
                  | Orb.
     0 | D:1      | Reached XP level 1. HP: 14/14 MP: 1/1
   143 | D:1      | Reached XP level 2. HP: 8/19 MP: 2/2
  1146 | D:1      | Reached XP level 3. HP: 24/24 MP: 3/3
  1281 | D:1      | Found a faded altar of an unknown god.
  1400 | D:2      | Noticed Terence
  1410 | D:2      | Killed Terence
  1855 | D:2      | Reached XP level 4. HP: 29/29 MP: 4/4
  1867 | D:2      | Noticed Robin
  1879 | D:2      | Reached ** piety under Trog
  1888 | D:2      | Killed Robin
  2128 | D:2      | Found a runed translucent door.
  2129 | D:2      | Noticed Crazy Yiuf
  2227 | D:2      | Noticed Sigmund
  2231 | D:2      | Reached skill level 1 in Stealth
  2242 | D:2      | Killed Sigmund
  2243 | D:2      | Reached skill level 4 in Maces & Flails
  2243 | D:2      | Reached XP level 5. HP: 31/34 MP: 5/5
  2243 | D:2      | Reached XP level 6. HP: 36/39 MP: 6/6
  2520 | D:2      | Found an iron altar of Okawaru.
  2933 | D:2      | Killed Crazy Yiuf
  3239 | D:3      | Reached skill level 5 in Maces & Flails
  3324 | D:3      | Noticed Jessica
  3338 | D:3      | Killed Jessica
  4062 | D:4      | Reached XP level 7. HP: 44/44 MP: 7/7
  4410 | D:4      | Reached *** piety under Trog
  4744 | D:5      | Entered Level 5 of the Dungeon
  5013 | D:5      | Reached skill level 6 in Maces & Flails
  5125 | D:5      | Found Qeeda's Lightly-Used Armoury.
  5158 | D:5      | Reached XP level 8. HP: 22/48 MP: 8/8
  5761 | D:5      | Reached skill level 5 in Fighting
  5897 | D:6      | Reached skill level 5 in Armour
  5900 | D:6      | Reached skill level 7 in Maces & Flails
  6173 | D:6      | Identified the +1 chain mail of Perfidy {Harm rN+ Str+7
                  | Int-3}
  6251 | D:6      | Noticed a yak
  6251 | D:6      | Noticed a yak
  6251 | D:6      | Noticed a yak
  6253 | D:6      | Noticed a yak
  6831 | D:6      | Killed a yak
  6845 | D:6      | Killed a yak
  6846 | D:6      | Reached XP level 9. HP: 36/54 MP: 9/9
  6857 | D:6      | Reached skill level 8 in Maces & Flails
  6968 | D:6      | Found a staircase to the Ecumenical Temple.
  7018 | D:7      | Found a snail-covered altar of Cheibriados.
  7020 | D:7      | Found an iron altar of Okawaru.
  7020 | D:7      | Found an ornate altar of the Wu Jian Council.
  7021 | D:7      | Found a hazy altar of Hepliaklqana.
  7021 | D:7      | Found an opulent altar of Gozag.
  7639 | D:7      | Found a shadowy altar of Dithmenos.
  8041 | D:8      | Found a staircase to the Lair.
  8052 | D:8      | Noticed a tengu warrior
  8052 | D:8      | Noticed a four-headed hydra
  8073 | D:8      | Noticed a komodo dragon
  8097 | D:8      | Killed a komodo dragon
  8230 | D:8      | Noticed a brown ugly thing
  8252 | D:8      | Noticed a seven-headed hydra
  8279 | D:7      | HP: 4/82 [seven-headed hydra (9)]
  8279 | D:7      | Slain by a seven-headed hydra

Illustrated notes

Levels and vault maps discovered:
D:1:      beargit_arrival_diablo_church, layout_basic,
          shapermc_ecumenical_altar_acropolis, serial_forest,
          infiniplex_forest_clump_long, infiniplex_forest_end_3,
          infiniplex_forest_diagonal, infiniplex_forest_straight_3,
          infiniplex_forest_clump_small, infiniplex_forest_corner_1,
          infiniplex_forest_zigzag_1, infiniplex_forest_clump_small
D:2:      layout_basic, basic_altar, kennysheep_decorative_pillar, uniq_sigmund,
          uniq_terence, uniq_crazy_yiuf_cottage, uniq_robin
D:3:      layout_basic, hangedman_decor_clover_reticule, uniq_jessica
D:4:      layout_loops_ring, eino_tiny_chamber, feat_on_display
D:5:      layout_basic, minmay_shop_damaged, st_stairs_12, dk_vineyard_1
D:6:      layout_basic, minmay_temple_entry_enclosed_plants, kennysheep_path_1
D:7:      layout_basic, nicolae_dithmenos_through_a_glass_darkly,
          grunt_temple_overflow_open
D:8:      layout_loops_ring, david_lair_shrubbed, minmay_diamond_spiral

Skill      XL: |  1  2  3  4  5  6  7  8  9 |
---------------+----------------------------+-----
Fighting       | 4 5 6 |  6.1
Stealth        | 1 2 3 4 |  4.2
Maces & Flails | 4 5 6 7 8 |  8.5
Armour         | 3 4 5 6 |  6.3
Dodging        | 2 3 4 |  4.5

Action                   |  1- 3 |  4- 6 |  7- 9 || total
-------------------------+-------+-------+-------++-------
Melee: Mace              |   105 |   220 |   257 ||   582
       Punch             |       |     1 |     4 ||     5
Throw: Stone             |       |       |     8 ||     8
Invok: Berserk           |     1 |     3 |     3 ||     7
  Use: Scroll            |       |     4 |     9 ||    13
 Stab: Sleeping          |     1 |     1 |     3 ||     5
Armor: Animal skin       |    35 |    36 |       ||    71
       Leather armour    |       |    58 |   117 ||   175
Dodge: Dodged            |    65 |   154 |   176 ||   395
